 Dungeon Crawl Stone Soup version 0.21-a0-104-g7b58145 (webtiles) character file.

56 HAL9000 the Ruffian (level 3, -4/28 HPs)
             Began as a Draconian Transmuter on July 4, 2017.
             Slain by grindst0ne's ghost (7 damage)
             ... on level 3 of the Dungeon on July 5, 2017.
             The game lasted 00:05:00 (1514 turns).

HAL9000 the Ruffian (Draconian Transmuter)          Turns: 1514, Time: 00:05:01

Health: -4/28      AC:  7    Str: 13    XL:     3   Next: 69%
Magic:  6/6        EV: 12    Int: 13    God:
Gold:   79         SH:  0    Dex: 11    Spells: 0/6 levels left

rFire    . . .     SeeInvis .     - Unarmed
rCold    + . .     Gourm    .   (no shield)
rNeg     . . .     Faith    .   (armour unavailable)
rPois    .         Spirit   .   (helmet restricted)
rElec    .         Reflect  .   u - +1 cloak
rCorr    .         Harm     .   (no gloves)
MR       .....                  (no boots)
Stlth    +.........             n - amulet of magic regeneration
HPRegen  0.09/turn              h - ring of protection from cold
MPRegen  0.35/turn              (no ring)

@: appendage (expiring), flying
A: unfitting armour, horns 2, cold-blooded, AC +5
a: End Transformation


You were on level 3 of the Dungeon.
You were hungry.
You had grown temporary horns.
You visited 1 branch of the dungeon, and saw 3 of its levels.

You collected 79 gold pieces.

Inventory:

Missiles
 a - 41 arrows
Armour
 u - a +1 cloak (worn)
Jewellery
 h - a ring of protection from cold (left hand)
 n - an amulet of magic regeneration (around neck)
Scrolls
 d - a scroll of amnesia {unknown}
 e - 2 scrolls of teleportation {unknown}
 g - 2 scrolls of enchant weapon {unknown}
 i - 2 scrolls of recharging {unknown}
 j - a scroll of magic mapping {unknown}
 p - a scroll of identify {unknown}
 s - a scroll of blinking {unknown}
Potions
 m - 2 potions of flight
 q - a potion of heal wounds {unknown}
 r - a potion of brilliance {unknown}
Books
 b - a book of Changes

   Spells                             Type                      Level
   a - Beastly Appendage              Transmutation                1
   b - Sticks to Snakes               Transmutation                2
   c - Spider Form                    Transmutation/Poison         3
   d - Ice Form                       Ice/Transmutation            4
   e - Blade Hands                    Transmutation                5
Comestibles
 c - a bread ration
 l - 2 meat rations
 t - 2 chunks of flesh


   Skills:
 - Level 1.1 Fighting
 - Level 1.7 Dodging
 + Level 3.9 Unarmed Combat
 - Level 2.0 Spellcasting
 + Level 3.2 Transmutations


You couldn't memorise any spells.
You knew the following spells:

 Your Spells              Type           Power        Failure   Level  Hunger
a - Beastly Appendage     Tmut           #.....       7%          1    ##.....
b - Sticks to Snakes      Tmut           #.......     11%         2    ###....
c - Spider Form           Tmut/Pois      #.........   36%         3    ####...


Dungeon Overview and Level Annotations

Branches:
Dungeon (3/15)

Altars:
Cheibriados
Dithmenos
Elyvilon
Makhleb
Trog

Annotations:
D:3 grindst0ne's ghost, amateur MfTm


Innate Abilities, Weirdness & Mutations

Your plain brown scales are hard. (AC +5)
You cannot fit into any form of body armour.
You are cold-blooded and may be slowed by cold attacks.
You have a pair of horns on your head.


Message History

Unknown command.
You hit grindst0ne's ghost.
Your headbutt misses grindst0ne's ghost.
Grindst0ne's ghost is moderately damaged.
Grindst0ne's ghost whispers, "Death doesn't hurt.
What you feel is life."
Grindst0ne's ghost hits you but does no damage.
Your ball python bites grindst0ne's ghost.
Your ball python closely misses grindst0ne's ghost.
It was a potion of flight.
You feel very buoyant.
You fly up into the air.
Your ball python closely misses grindst0ne's ghost.
Grindst0ne's ghost hits you.
* * * LOW HITPOINT WARNING * * *
Your ball python bites grindst0ne's ghost but does no damage.
It was a potion of magic.
Magic courses through your body.
Your ball python bites grindst0ne's ghost.
Your ball python bites grindst0ne's ghost but does no damage.
Grindst0ne's ghost hits you!
You die...

.#...#...#...#...#...#.....<
# ..#...#...#...#...#........
#.#...#...#...#...#...#......
#...#...#...#...#...#........
#.#..g#...#...#...#...#......
#...#...#...#...#...#........
#...#...#...#.).#...#...##.
#...#.S.#...#...#..##.##.
#...#††.#W@.#...#..####.# .
#.##..#.S.#...#..### #.. . #
###..#...#..### ####
###..#..### ###.### ###


You could see grindst0ne's ghost, a hobgoblin and 2 friendly ball pythons.

Vanquished Creatures
  13 giant cockroaches
  3 goblins (D:1)
  4 hobgoblins
  8 bats
  3 frilled lizards
  3 kobolds
  2 rats
36 creatures vanquished.

Vanquished Creatures (collateral kills)
  2 adders
  A bat (D:3)
3 creatures vanquished.

Grand Total: 39 creatures vanquished

Notes
Turn   | Place    | Note
-------+----------+-------------------------------------------
     0 | D:1      | HAL9000 the Draconian Transmuter began the quest for the Orb.
     0 | D:1      | Reached XP level 1. HP: 16/16 MP: 3/3
   216 | D:1      | Reached XP level 2. HP: 22/23 MP: 3/5
   225 | D:1      | Learned a level 2 spell: Sticks to Snakes
  1018 | D:2      | Reached XP level 3. HP: 28/28 MP: 6/6
  1317 | D:2      | Found a white marble altar of Elyvilon.
  1317 | D:2      | Found a burning altar of Makhleb.
  1323 | D:2      | Found a faded altar of an unknown god.
  1325 | D:2      | Found a snail-covered altar of Cheibriados.
  1327 | D:2      | Found a shadowy altar of Dithmenos.
  1384 | D:2      | Found a bloodstained altar of Trog.
  1434 | D:2      | Learned a level 3 spell: Spider Form
  1467 | D:3      | Upgraded the game from 0.21-a0-95-g06f091e to 0.21-a0-104-g7b58145
  1490 | D:3      | Noticed grindst0ne's ghost (amateur MfTm)
  1514 | D:3      | Slain by grindst0ne's ghost

Vault maps used:
D:1:      dpeg_arrival_lava_temple_mockup, bh_walls_and_bars
D:2:      minmay_roachtagon, chequers_temple_overflow_minitemple,
          lightli_temple_of_fire
D:3:      nicolae_tso_carved_into_rock, hex_large

Skill      XL: |  1  2  3 |
---------------+----------+-----
Transmutations | 3 |  3.2
Fighting       | |  1.1
Dodging        | |  1.7
Unarmed Combat | |  3.9
Spellcasting   | |  2.0

Action                   || total
-------------------------++-------
Melee: Unarmed           ||   113
       Tailslap          ||     7
       Kick              ||     3
       Headbutt          ||     7
       Punch             ||     2
 Cast: Beastly Appendage ||    12
       Sticks to Snakes  ||     5
  Use: Potion            ||     2
  Eat: Chunk             ||     2
Armor: Skin              ||    45
Dodge: Dodged            ||    76
